 Dungeon Crawl Stone Soup version 0.31-a0-486-g8d68a81214 (webtiles) character file.

Game seed: 7019515902578550866

53 Zonian the Ruffian (level 3, 0/24 HPs)
             Began as an Octopode Shapeshifter on Aug 7, 2023.
             Was an Initiate of Hepliaklqana.
             Slain by a quokka zombie (3 damage)
             ... on level 2 of the Dungeon.
             The game lasted 00:02:18 (1209 turns).

Zonian the Ruffian (Octopode Shapeshifter)          Turns: 1209, Time: 00:02:18

Health: 0/24       AC:  1    Str: 16    XL:     3   Next: 87%
Magic:  3/3        EV: 13    Int: 10    God:    Hepliaklqana [......]
Gold:   84         SH:  0    Dex: 12    Spells: 2/2 levels left

rFire   . .          .
                       - Unarmed
rCold   . . .        (no shield)
rNeg    . . .        (helmet currently unavailable)
rPois   .            (no amulet)
rElec   .            (no ring)
rCorr   .            (no ring)
SInv    .            (no ring)
Will    .....        (no ring)
Stlth   ++           (no ring)
HPRegen 0.24/turn    (no ring)
MPRegen 0.08/turn    (no ring)
                     (no ring)

%: no passive effects
@: beast-form
A: beast (slay +2), almost no armour, amphibious, 8 rings, camouflage 1,
gelatinous body 1, (nimble swimmer 1), tentacles
a: Begin Untransformation, Renounce Religion


You were on level 2 of the Dungeon.
You worshipped Hepliaklqana.
Hepliaklqana was noncommittal.
You were a hulking beast.
You visited 1 branch of the dungeon, and saw 2 of its levels.

You collected 84 gold pieces.

Inventory:

Jewellery
 g - a ring of fire
Talismans
 b - a beast talisman (active)
Scrolls
 c - 2 scrolls of amnesia {unknown}
 d - a scroll of fog {unknown}
 f - 3 scrolls of identify {unknown}
 h - a scroll of poison {unknown}
 k - a scroll of teleportation {unknown}
Potions
 a - a potion of lignification
 e - a potion of curing {unknown}
 i - a potion of berserk rage {unknown}
 j - a potion of ambrosia {unknown}


   Skills:
 + Level 1.9 Fighting
 + Level 2.5 Dodging
 + Level 3.5 Unarmed Combat
 + Level 3.3 Shapeshifting


You had 2 spell levels left.
You didn't know any spells.
Your spell library contained the following spells:

 Spells                   Type           Power      Damage    Failure   Level
 Summon Small Mammal      Summ           0%         N/A       36%         1
 Call Canine Familiar     Summ           0%         N/A       75%         3
 Summon Guardian Golem    Hex/Summ       0%         N/A       75%         3


Dungeon Overview and Level Annotations

Branches:
Dungeon (2/15)

Altars:
Hepliaklqana

Shops:
D:2 =


Innate Abilities, Weirdness & Mutations

You are a hulking beast.
Your limbs bulge with bestial killing power. (Slay +2)
You cannot wear most types of armour.
You are amphibious.
You can wear up to eight rings at the same time.
Your skin changes colour to match your surroundings (Stealth+).
Your rubbery body absorbs attacks. (AC +1, EV +1)
((You are camouflaged when in or above water. (Stealth+)))
You have tentacles for arms and can constrict up to eight enemies at once.


Message History

Unknown command.
You tentacle-slap the hobgoblin.
You kill the hobgoblin!
The endoplasm hits you. The quokka zombie bites you.
A ball python zombie comes into view.
Unknown command.
You tentacle-slap the endoplasm but do no damage.
The endoplasm hits you.
* * * LOW HITPOINT WARNING * * *
The quokka zombie closely misses you.
You tentacle-slap the endoplasm.
The endoplasm is moderately wounded.
The endoplasm closely misses you. The quokka zombie barely misses you.
The jackal skeleton misses you.
Unknown command.
You tentacle-slap the endoplasm but do no damage.
The endoplasm is moderately wounded.
The endoplasm barely misses you. The quokka zombie barely misses you.
The jackal skeleton bites you.
* * * LOW HITPOINT WARNING * * *
Unknown command.
You tentacle-slap the endoplasm.
You kill the endoplasm!
The jackal skeleton barely misses you. The quokka zombie bites you.
* * * LOW HITPOINT WARNING * * *
Unknown command.
You tentacle-slap the ball python zombie.
You grab the ball python zombie.
The ball python zombie is moderately damaged.
You constrict the ball python zombie.
The jackal skeleton completely misses you.
The quokka zombie closely misses you. The ball python zombie bites you.
* * * LOW HITPOINT WARNING * * *
The ball python zombie closely misses you.
You bludgeon the ball python zombie!
You destroy the ball python zombie!
The jackal skeleton bites you.
* * * LOW HITPOINT WARNING * * *
The quokka zombie bites you.
You die...

#......................
#.....
######.##.###..###.##.
#.###. #.##.#
#......##. #.###.
#....###.........
.......
#.##.............
....##.
#.##.####.....##. ....
#. #.##.# #.###$.......
#. #.##.####.### ... .
#. ........hZ..+ .. ..
####....Z...# ..
#.....†..#
#......?.......
#..............
#.......8.$....
##.........#...
#.##......#... #.
##.#..## .


You could see a quokka zombie and a jackal skeleton.

Vanquished Creatures
  An adder zombie (D:2)
  A worm (D:2)
  2 bats (D:2)
  5 endoplasms
  4 giant cockroaches (D:1)
  4 goblins
  A hobgoblin (D:2)
  3 jackals (D:1)
  2 kobolds (D:1)
  5 quokkas
  6 ball pythons (D:1)
  A ball python zombie (D:2)
  3 frilled lizards
  A quokka skeleton (D:2)
  2 quokka zombies (D:2)
  2 rats (D:1)
43 creatures vanquished.

Notes
Turn   | Place    | Note
-------+----------+-------------------------------------------
     0 | D:1      | Zonian the Octopode Shapeshifter began the quest for the
                  | Orb.
     0 | D:1      | Reached XP level 1. HP: 13/13 MP: 1/1
    81 | D:1      | Reached XP level 2. HP: 18/18 MP: 2/2
   392 | D:1      | Reached XP level 3. HP: 23/23 MP: 3/3
   789 | D:2      | Found Mubykoczu's Jewellery Boutique.
  1147 | D:2      | Found a hazy altar of Hepliaklqana.
  1164 | D:2      | Became a worshipper of Hepliaklqana the Forgotten
  1209 | D:2      | Slain by a quokka zombie

Illustrated notes

Levels and vault maps discovered:
D:1:      lightli_arrival_noodles, layout_loops_ring, minmay_surrounded
D:2:      layout_basic, serial_undead, serial_undead_c, serial_undead_f,
          serial_undead_a, serial_undead_c, serial_undead_d, serial_undead_a,
          serial_undead_e, serial_undead_d, serial_undead_e, serial_undead_f,
          basic_altar, serial_shops, nicolae_shop_tiny_waterfront,
          minmay_misc_feat_ornament, minmay_misc_feat_enclosed

Action                     || total
---------------------------++-------
  Melee: Unarmed           ||    79
         Constrict         ||    18
         Tentacles         ||    12
         Punch             ||     2
   Stab: Sleeping          ||     9
 Armour: Skin              ||     3
  Dodge: Dodged            ||    37

Table legend: (Time is in decaauts)
 A = Elapsed time spent in this place.
 B = Non-inter-level travel time spent in this place.
 C = Inter-level travel time spent in this place.
 D = Time resting spent in this place.
 E = Time spent auto-exploring this place.
 F = Levels seen in this place.
 G = Mean time per level.
                   A        B        C        D        E       F      G
               +--------+--------+--------+--------+--------+-----+--------+
         Total |   1204 |   1191 |     13 |      0 |    929 |   2 |  602.0 |
       Dungeon |   1204 |   1191 |     13 |      0 |    929 |   2 |  602.0 |
               +--------+--------+--------+--------+--------+-----+--------+

Top non-repeatable levels by time:
     D:1: 786 daAuts
     D:2: 417 daAuts
